 Dungeon Sprint DCSS version 0.17-a0-1718-g72dbe4d (webtiles) character file.

12800000 ztt the Invulnerable (level 27, -18/273 HPs)
             Began as a Ghoul Wanderer on Aug 25, 2015.
             Was the Champion of Makhleb.
             Demolished by a fleshlord
             ... wielding a +9 great mace
              (170 damage)
             ... in the Dungeon (Sprint VIII: "Arena of Blood").
             The game lasted 00:02:48 (128 turns).

ztt the Invulnerable (Ghoul Wanderer)                Turns: 128, Time: 00:02:48

Health: -18/273    AC: 11    Str: 29    XL:     27
Magic:  47/53      EV: 19    Int:  8    God:    Makhleb [******]
Gold:   0          SH:  0    Dex:  7    Spells: 0 memorised, 80 levels left

rFire  . . .     SeeInvis +     j - +∞ Axe of Woe
rCold  + . .     Clarity  .     c - +0 ring mail
rNeg   + + +     SustAt   .     (no shield)
rPois  ∞         Gourm    .     (no helmet)
rElec  .         Spirit   .     (no cloak)
rCorr  .         Warding  .     (no gloves)
rMut   .         NoTele   +     (no boots)
MR     ++...                    (no amulet)
Stlth  ++++++++..               (no ring)
                                k - ring of see invisible

@: rotting, slowed, very slow, very resistant to hostile enchantments,
extraordinarily stealthy
A: rotting body, claws 1, carnivore 3, cold resistance 1, negative energy
resistance 3, slow healing 1, torment resistance, unbreathing
a: Minor Destruction, Lesser Servant of Makhleb, Major Destruction, Greater
Servant of Makhleb, Renounce Religion


You were in the Dungeon.
You worshipped Makhleb.
Makhleb was exalted by your worship.
You were not hungry.

You visited 1 branch

Inventory:

Hand weapons
 a - a +2 hand axe
 j - the +∞ Axe of Woe (weapon)
   (You found it in the Dungeon)
Armour
 c - a +0 ring mail (worn)
Jewellery
 k - a ring of see invisible (left claw)
Scrolls
 i - a scroll of blinking
Potions
 b - 2 potions of curing
 e - a potion of heal wounds
 f - a potion of haste
 g - 2 potions of magic
 h - a potion of berserk rage
Comestibles
 d - a meat ration


   Skills:
 O Level 27 Fighting
 O Level 27 Axes
 O Level 27 Throwing
 O Level 27 Armour
 O Level 27 Dodging
 O Level 27 Stealth
 O Level 27 Unarmed Combat
 O Level 27 Spellcasting
 O Level 27 Invocations


You had 80 spell levels left.
You didn't know any spells.

Dungeon Overview and Level Annotations

Branches:
Dungeon (1/1)

Altars:
Makhleb


Innate Abilities, Weirdness & Mutations

Your body is rotting away.
You thrive on raw meat.
You are immune to poison.
You have sharp fingernails.
You are carnivorous and can eat meat at any time.
Your flesh is cold resistant.
You are immune to negative energy.
You heal slowly when monsters are visible.
You are immune to unholy pain and torment.
You can survive without breathing.


Message History

a +9 great mace; a +400 ring of slaying Unknown command.
Unknown command.
You slash the bag of meat! You chop the bag of meat into pieces.
You kill the bag of meat!
Makhleb accepts your kill.
You feel better.
You hear a shout!
The fleshlord points at you and mumbles some strange words.
You feel as though you will be slow longer.
You hear a shout! x2
The fleshlord mumbles some strange words.
The fleshlord seems to speed up.
You hear a shout!
The scourge throws poison at you. The bolt of poison hits you! You resist.
You hear a shout! x2
The fleshlord hits you with a +9 great mace!!!!!
Ouch! That really hurt!
You die...

.........###.... ..###.
...%.))))..#.%.....#....
.....§)))..#.......#....
..#..)))%..................
.#.#§#)))..............#...
..#.#)))))............#....
.#.#.#.)))...%......##.....
..#.#..)))#.†...p..#..%...
.......)).p..D..@o.#...###.
##.......##.#.))p)).%......
##...........†.)))).......
....####....#.)).)####..o.
#.................S.#.....
####....%...)))......%.O.#
####.....))).....%.####
#################


You could see an eight-headed meat hydra, a scourge, 3 fleshlords and a bag of
meat.

Vanquished Creatures
  A hell knight (D)
  2 hell beasts (D)
  A greater mummy (D)
  3 great orbs of eyes (D)
  3 wraiths (D)
  Harold (D)
  11 vampire knights (D)
  29 ogres (D)
  3 liches (D)
  5 hydras (D)
  66 orcs (D)
  6 phantoms (D)
  8 hill giants (D)
  4 skeletal warriors (D)
  5 sea snakes (D)
  2 large abominations (D)
  6 small abominations (D)
  8 crawling corpses (D)
164 creatures vanquished.

Vanquished Creatures (others)
  A small abomination (D)
  7 crawling corpses (D)
8 creatures vanquished.

Grand Total: 172 creatures vanquished

Notes
Turn   | Place    | Note
--------------------------------------------------------------
     0 | D        | ztt the Ghoul Wanderer began the quest for the Orb.
     0 | D        | ztt set off with: a +2 hand axe, 2 potions of curing, a +0 ring mail, a meat ration, a potion of heal wounds, a potion of haste, 2 potions of magic, a potion of berserk rage, a scroll of blinking
     0 | D        | Reached XP level 1. HP: 17/17 MP: 0/0
     3 | D        | Noticed a bag of meat
     4 | D        | Became a worshipper of Makhleb the Destroyer
     6 | D        | Noticed a bag of meat
     6 | D        | Noticed a bag of meat
     6 | D        | Noticed a meat berserker
     7 | D        | Noticed a bag of meat
     9 | D        | Noticed a meat berserker
     9 | D        | Noticed a bag of meat
     9 | D        | Noticed a bag of meat
    12 | D        | Noticed a bag of meat
    12 | D        | Killed a bag of meat
    12 | D        | Reached skill level 12 in Fighting
    12 | D        | Reached skill level 10 in Axes
    12 | D        | Reached skill level 10 in Throwing
    12 | D        | Reached skill level 19 in Armour
    12 | D        | Reached XP level 2. HP: 20/42 MP: 1/1
    12 | D        | Reached XP level 3. HP: 23/49 MP: 2/2
    12 | D        | Reached XP level 4. HP: 26/57 MP: 3/3
    12 | D        | Reached XP level 5. HP: 28/63 MP: 4/4
    12 | D        | Reached XP level 6. HP: 31/71 MP: 5/5
    12 | D        | Reached XP level 7. HP: 34/78 MP: 6/6
    12 | D        | Reached XP level 8. HP: 37/85 MP: 7/7
    12 | D        | Reached XP level 9. HP: 40/92 MP: 8/8
    12 | D        | Reached XP level 10. HP: 43/100 MP: 9/9
    12 | D        | Reached XP level 11. HP: 45/106 MP: 10/10
    12 | D        | Reached XP level 12. HP: 47/113 MP: 11/11
    13 | D        | Noticed a bag of meat
    13 | D        | Killed a meat berserker
    13 | D        | Acquired Makhleb's first power
    13 | D        | Reached skill level 15 in Fighting
    13 | D        | Reached skill level 23 in Armour
    13 | D        | Reached XP level 13. HP: 91/128 MP: 12/12
    13 | D        | Reached XP level 14. HP: 96/136 MP: 13/13
    13 | D        | Killed a bag of meat
    13 | D        | Reached skill level 24 in Armour
    14 | D        | Noticed a bag of meat
    14 | D        | Noticed a meat berserker
    14 | D        | Noticed a meat berserker
    14 | D        | Noticed a bag of meat
    15 | D        | Killed a bag of meat
    15 | D        | Acquired Makhleb's second power
    15 | D        | Reached skill level 26 in Armour
    15 | D        | Reached XP level 15. HP: 101/149 MP: 14/14
    15 | D        | Killed a meat berserker
    15 | D        | Reached skill level 27 in Armour
    15 | D        | Reached skill level 5 in Dodging
    15 | D        | Reached XP level 16. HP: 106/165 MP: 15/15
    16 | D        | Noticed a bag of meat
    16 | D        | Noticed a meat berserker
    16 | D        | Noticed a bag of meat
    16 | D        | Killed a bag of meat
    16 | D        | Acquired Makhleb's third power
    16 | D        | Killed a bag of meat
    16 | D        | Killed a bag of meat
    16 | D        | Acquired Makhleb's fourth power
    16 | D        | Reached XP level 17. HP: 168/182 MP: 16/16
    17 | D        | Noticed a bag of meat
    17 | D        | Noticed a meat berserker
    17 | D        | Killed a bag of meat
    17 | D        | Killed a meat berserker
    17 | D        | Reached skill level 27 in Fighting
    17 | D        | Reached XP level 18. HP: 193/200 MP: 17/17
    17 | D        | Killed a bag of meat
    18 | D        | Noticed a meat berserker
    18 | D        | Noticed a bag of meat
    19 | D        | Noticed a destroyer
    19 | D        | Noticed a bag of meat
    19 | D        | Noticed a bag of meat
    19 | D        | Noticed a bag of meat
    19 | D        | Noticed a bag of meat
    19 | D        | Killed a meat berserker
    19 | D        | Acquired Makhleb's fifth power
    19 | D        | Reached skill level 27 in Axes
    19 | D        | Reached skill level 10 in Dodging
    19 | D        | Killed a meat berserker
    19 | D        | Reached skill level 27 in Throwing
    19 | D        | Reached XP level 19. HP: 207/207 MP: 18/18
    21 | D        | Noticed a large bag of meat
    21 | D        | Killed a meat berserker
    22 | D        | Killed a meat berserker
    22 | D        | Reached skill level 27 in Dodging
    22 | D        | Reached XP level 20. HP: 216/216 MP: 19/19
    22 | D        | Killed a bag of meat
    22 | D        | Killed a bag of meat
    24 | D        | Noticed a meat berserker
    24 | D        | Killed a bag of meat
    24 | D        | Reached skill level 10 in Spellcasting
    24 | D        | Killed a bag of meat
    24 | D        | Reached skill level 15 in Unarmed Combat
    24 | D        | Reached skill level 15 in Invocations
    24 | D        | Reached XP level 21. HP: 224/224 MP: 19/36
    24 | D        | Killed a bag of meat
    25 | D        | Noticed a bag of meat
    25 | D        | Noticed a bag of meat
    26 | D        | Noticed a large bag of meat
    26 | D        | Noticed a bag of meat
    26 | D        | Noticed a bag of meat
    27 | D        | Noticed a meat berserker
    27 | D        | Noticed a bag of meat
    27 | D        | Noticed a bag of meat
    27 | D        | Noticed a bag of meat
    27 | D        | Noticed a bag of meat
    27 | D        | Noticed a bag of meat
    28 | D        | Noticed a destroyer
    28 | D        | Noticed a destroyer
    28 | D        | Noticed a destroyer
    28 | D        | Noticed a bag of meat
    28 | D        | Noticed a bag of meat
    28 | D        | Noticed a large bag of meat
    28 | D        | Noticed a bag of meat
    28 | D        | Noticed The Servant
    29 | D        | Noticed a large bag of meat
    29 | D        | Noticed a bag of meat
    29 | D        | Noticed a meat berserker
    30 | D        | Killed a destroyer
    30 | D        | Killed a bag of meat
    30 | D        | Killed a bag of meat
    30 | D        | Reached XP level 22. HP: 233/233 MP: 20/43
    30 | D        | Killed a destroyer
    31 | D        | Noticed a meat berserker
    31 | D        | Noticed a large bag of meat
    31 | D        | Noticed a bag of meat
    31 | D        | Noticed a large bag of meat
    32 | D        | Noticed a bag of meat
    32 | D        | Noticed a destroyer
    32 | D        | Killed a meat berserker
    32 | D        | Reached skill level 27 in Stealth
    32 | D        | Killed a bag of meat
    32 | D        | Reached skill level 27 in Unarmed Combat
    32 | D        | Reached skill level 27 in Invocations
    32 | D        | Reached XP level 23. HP: 240/240 MP: 21/48
    33 | D        | Noticed a bag of meat
    33 | D        | Noticed a meat berserker
    33 | D        | Killed a meat berserker
    33 | D        | Killed a destroyer
    33 | D        | Reached skill level 27 in Spellcasting
    33 | D        | Killed a bag of meat
    33 | D        | Killed a destroyer
    33 | D        | Reached XP level 24. HP: 249/249 MP: 21/53
    33 | D        | Killed a meat berserker
    34 | D        | Noticed a bag of meat
    34 | D        | Noticed a bag of meat
    34 | D        | Noticed a bag of meat
    34 | D        | Noticed a bag of meat
    34 | D        | Noticed a bag of meat
    34 | D        | Noticed a bag of meat
    34 | D        | Noticed a bag of meat
    35 | D        | Noticed a destroyer
    35 | D        | Killed The Servant
    35 | D        | Reached XP level 25. HP: 101/257 MP: 22/53
    35 | D        | Killed a bag of meat
    35 | D        | Killed a bag of meat
    35 | D        | Killed a bag of meat
    35 | D        | Killed a bag of meat
    35 | D        | Killed a large bag of meat
    35 | D        | Killed a destroyer
    35 | D        | Reached XP level 26. HP: 266/266 MP: 22/53
    36 | D        | Noticed a bag of meat
    36 | D        | Killed a bag of meat
    36 | D        | Killed a meat berserker
    36 | D        | Killed a bag of meat
    37 | D        | Noticed a destroyer
    37 | D        | Killed a meat berserker
    37 | D        | Killed a bag of meat
    37 | D        | Killed a bag of meat
    37 | D        | Killed a bag of meat
    37 | D        | Reached XP level 27. HP: 273/273 MP: 22/53
    37 | D        | Killed a bag of meat
    38 | D        | Noticed a meat berserker
    38 | D        | Killed a bag of meat
    38 | D        | Killed a large bag of meat
    39 | D        | Noticed a sculptor of flesh
    39 | D        | Noticed a large bag of meat
    39 | D        | Noticed a meat berserker
    40 | D        | Killed a destroyer
    40 | D        | Killed a bag of meat
    40 | D        | Killed a large bag of meat
    40 | D        | Killed a bag of meat
    40 | D        | Killed a bag of meat
    41 | D        | Killed a meat berserker
    42 | D        | Killed a bag of meat
    42 | D        | Killed a bag of meat
    42 | D        | Killed a bag of meat
    42 | D        | Killed a large bag of meat
    43 | D        | Noticed a bag of meat
    43 | D        | Killed a bag of meat
    44 | D        | Noticed a bag of meat
    44 | D        | Noticed a bag of meat
    45 | D        | Noticed a meat berserker
    45 | D        | Killed a bag of meat
    45 | D        | Killed a bag of meat
    45 | D        | Killed a large bag of meat
    45 | D        | Killed a meat berserker
    45 | D        | Killed a bag of meat
    46 | D        | Noticed a bag of meat
    46 | D        | Noticed a bag of meat
    46 | D        | Killed a destroyer
    46 | D        | Killed a bag of meat
    46 | D        | Killed a large bag of meat
    47 | D        | Noticed a meat berserker
    48 | D        | Noticed a bag of meat
    49 | D        | Noticed a meat berserker
    49 | D        | Noticed a destroyer
    49 | D        | Noticed a meat berserker
    49 | D        | Killed a bag of meat
    49 | D        | Killed a large bag of meat
    49 | D        | Killed a sculptor of flesh
    49 | D        | Killed a bag of meat
    49 | D        | Killed a meat berserker
    50 | D        | Noticed a sculptor of flesh
    50 | D        | Killed a bag of meat
    50 | D        | Killed a meat berserker
    51 | D        | Noticed a bag of meat
    51 | D        | Noticed a meat berserker
    52 | D        | Noticed a bag of meat
    52 | D        | Noticed a bag of meat
    52 | D        | Noticed a bag of meat
    52 | D        | Killed a bag of meat
    52 | D        | Killed a meat berserker
    53 | D        | Noticed a bag of meat
    53 | D        | Killed a meat berserker
    54 | D        | Noticed a tyrant
    54 | D        | Noticed a bag of meat
    54 | D        | Killed a destroyer
    54 | D        | Killed a bag of meat
    54 | D        | Killed a bag of meat
    55 | D        | Killed a meat berserker
    55 | D        | Killed a bag of meat
    56 | D        | Noticed a large bag of meat
    56 | D        | Noticed a meat berserker
    57 | D        | Noticed a bag of meat
    58 | D        | Noticed a destroyer
    58 | D        | Noticed a sculptor of flesh
    59 | D        | Noticed a dread
    63 | D        | Noticed a meat berserker
    64 | D        | Killed a bag of meat
    64 | D        | Killed a sculptor of flesh
    64 | D        | Killed a bag of meat
    65 | D        | Killed a bag of meat
    65 | D        | Killed a large bag of meat
    66 | D        | Noticed a meat beast
    66 | D        | Killed a bag of meat
    66 | D        | Killed a meat berserker
    66 | D        | Killed a tyrant
    68 | D        | Killed a meat beast
    68 | D        | Killed a meat berserker
    70 | D        | Killed a bag of meat
    70 | D        | Killed a bag of meat
    70 | D        | Killed a destroyer
    71 | D        | Killed a bag of meat
    73 | D        | Killed a bag of meat
    75 | D        | Killed a sculptor of flesh
    76 | D        | Killed a dread
    78 | D        | Noticed a wretched soul
    82 | D        | Killed a wretched soul
    83 | D        | Noticed a bag of meat
    84 | D        | Noticed a meat berserker
    86 | D        | Noticed a bag of meat
    87 | D        | Noticed a bag of meat
    87 | D        | Noticed a meat berserker
    87 | D        | Killed a bag of meat
    87 | D        | Noticed a bag of meat
    88 | D        | Noticed a meat berserker
    88 | D        | Noticed a bag of meat
    89 | D        | Noticed a bag of meat
    89 | D        | Noticed a bag of meat
    89 | D        | Noticed a wretched soul
    90 | D        | Noticed a meat berserker
    90 | D        | Noticed a meat berserker
    90 | D        | Noticed a wretched soul
    91 | D        | Noticed a meat beast
    91 | D        | Noticed an observer
    91 | D        | Killed a meat berserker
    92 | D        | Noticed a bag of meat
    92 | D        | Killed a meat berserker
    93 | D        | Noticed a bag of meat
    93 | D        | Noticed a sculptor of flesh
    93 | D        | Killed a meat berserker
    93 | D        | Killed a bag of meat
    94 | D        | Noticed a meat berserker
    94 | D        | Noticed a bag of meat
    95 | D        | Killed a meat beast
    95 | D        | Killed a meat berserker
    95 | D        | Killed a bag of meat
    96 | D        | Noticed an observer
    96 | D        | Noticed an accursed
    96 | D        | Killed a meat berserker
    96 | D        | Killed a bag of meat
    97 | D        | Noticed a wretched soul
    97 | D        | Noticed a wretched soul
    98 | D        | Killed a meat berserker
    98 | D        | Killed an observer
    99 | D        | Killed a wretched soul
   100 | D        | Noticed a destroyer
   100 | D        | Noticed an observer
   100 | D        | Killed a wretched soul
   100 | D        | Killed a bag of meat
   100 | D        | Killed a bag of meat
   101 | D        | Noticed a tyrant
   101 | D        | Noticed a wretched soul
   102 | D        | Killed a bag of meat
   102 | D        | Killed a wretched soul
   102 | D        | Killed a destroyer
   102 | D        | Killed an observer
   103 | D        | Noticed a tyrant
   104 | D        | Noticed a destroyer
   104 | D        | Noticed a meat berserker
   104 | D        | Killed a bag of meat
   104 | D        | Killed a sculptor of flesh
   105 | D        | Noticed a meat berserker
   105 | D        | Killed a destroyer
   106 | D        | Killed a bag of meat
   106 | D        | Killed a bag of meat
   107 | D        | Noticed a dread
   108 | D        | Killed a tyrant
   108 | D        | Killed a bag of meat
   109 | D        | Killed a wretched soul
   110 | D        | Killed a meat berserker
   111 | D        | Killed a tyrant
   111 | D        | Killed an observer
   112 | D        | Killed a wretched soul
   112 | D        | Killed a meat berserker
   121 | D        | Noticed a dread
   121 | D        | Noticed a fleshlord
   122 | D        | Noticed a fleshlord
   122 | D        | Killed a dread
   122 | D        | Killed an accursed
   123 | D        | Noticed a bag of meat
   124 | D        | Noticed a fleshlord
   125 | D        | Noticed a fleshlord
   126 | D        | Killed a dread
   126 | D        | Killed a fleshlord
   128 | D        | Noticed a bag of meat
   128 | D        | Killed a bag of meat
   128 | D        | Demolished by a fleshlord

Vault maps used:
D:        meatsprint

Action                   |  1- 3 |  4- 6 |  7- 9 | 10-12 | 13-15 | 16-18 | 19-21 | 22-24 | 25-27 || total
-------------------------+-------+-------+-------+-------+-------+-------+-------+-------+-------++-------
Melee: Executioner's axe |     1 |       |       |     1 |     1 |     3 |     4 |     3 |    56 ||    69
